 Dungeon Crawl Stone Soup version 0.30-a0-782-ge64f9170bb (webtiles) character file.

Game seed: 10617308949962782238

1548 HoaS the Skirmisher (level 8, -9/59 (60) HPs)
             Began as a Demigod Hunter on Mar 4, 2023.
             Killed by divine providence
             ... invoked by an orc priest
              (16 damage)
             ... on level 6 of the Dungeon.
             The game lasted 00:09:34 (5214 turns).

HoaS the Skirmisher (Demigod Hunter)                Turns: 5214, Time: 00:09:35

HP:   -9/59 (60)    AC:  8    Str: 12    XL:     8   Next: 31%
MP:   10/10         EV: 17    Int: 11    God:
Gold: 192           SH:  0    Dex: 25    Spells: 7/7 levels left

rFire   . . .      SeeInvis .    y - +0 shortbow
rCold   . . .      Faith    .    (shield currently unavailable)
rNeg    . . .      Spirit   .    c - +1 leather armour
rPois   .          Reflect  .    (no helmet)
rElec   .          Harm     .    (no cloak)
rCorr   .          Rampage  .    (no gloves)
Will    .....                    (no boots)
Stlth   ++                       (no amulet)
HPRegen 0.29/turn                g - +5 ring of evasion
MPRegen 0.12/turn                l - +4 ring of protection

@: slowed, studying Fighting, lightly drained, very slow
A: high MP 1, forlorn, divine attributes
a: no special abilities


You were on level 6 of the Dungeon.
You visited 1 branch of the dungeon, and saw 6 of its levels.

You collected 264 gold pieces.
You spent 72 gold pieces at shops.

Inventory:

Hand Weapons
 y - a +0 shortbow (weapon)
Missiles
 t - 2 throwing nets
Armour
 c - a +1 leather armour (worn)
 o - the +4 scale mail of Context {Fly}
   (You found it on level 3 of the Dungeon)

   Fly:       It grants you flight.
Jewellery
 g - a +5 ring of evasion (left hand)
 k - a ring of willpower
 l - a +4 ring of protection (right hand)
 x - a ring of flight
Wands
 e - a wand of polymorph (13)
 v - a wand of charming (13)
Scrolls
 b - a scroll of immolation
 f - 2 scrolls of torment
 q - 5 scrolls of teleportation
 r - 4 scrolls of enchant armour
 s - a scroll of fog
Potions
 a - a potion of ambrosia {unknown}
 d - 3 potions of lignification
 h - a potion of haste
 i - a potion of mutation {unknown}
 j - a potion of attraction {unknown}
 m - 2 potions of degeneration {unknown}
 n - a potion of heal wounds {unknown}
 u - a potion of brilliance {unknown}
 w - 3 potions of flight
 z - a potion of berserk rage {unknown}
 A - a potion of resistance {unknown}
 B - a potion of magic {unknown}


   Skills:
 - Level 1.7 Fighting
 + Level 10.6 Ranged Weapons
 - Level 1.7 Dodging
 - Level 0.8 Stealth


You had 7 spell levels left.
You didn't know any spells.
Your spell library contained the following spells:

 Spells                   Type           Power      Damage    Failure   Level
 Summon Ice Beast         Ice/Summ       0%         N/A       99%         4
 Summon Mana Viper        Hex/Summ       0%         N/A       100%        5
 Monstrous Menagerie      Summ           0%         N/A       100%        7


Dungeon Overview and Level Annotations

Branches:
Dungeon (6/15)
 Temple: D:4-7

Shops:
D:3 *   D:5 =


Innate Abilities, Weirdness & Mutations

You have an increased reservoir of magic. (+10% MP)
You shall have no god before yourself.
Your divine heritage dramatically boosts your attributes as you level up.


Message History

You shoot an arrow.
The arrow hits the kobold brigand but does no damage.
The kobold brigand is lightly wounded.
You feel very sick.
The kobold brigand hits you with a +0 club.
* * * LOW HITPOINT WARNING * * *
The kobold brigand hits you with a +0 club.
* * * LOW HITPOINT WARNING * * *
You shoot an arrow.
The arrow closely misses the kobold brigand.
You feel sick.
The kobold brigand hits you but does no damage.
The necrophage completely misses you.
You feel better. The kobold brigand misses you. The necrophage hits you.
* * * LOW HITPOINT WARNING * * *
The kobold brigand misses you. The necrophage completely misses you.
You feel better. The kobold brigand closely misses you.
The necrophage hits you.
* * * LOW HITPOINT WARNING * * *
You feel drained.
You shoot an arrow.
The arrow closely misses the kobold brigand.
The kobold brigand hits you with a +0 club.
* * * LOW HITPOINT WARNING * * *
The necrophage misses you.
The kobold brigand hits you but does no damage.
The necrophage hits you.
* * * LOW HITPOINT WARNING * * *
You shoot an arrow.
The arrow closely misses the kobold brigand.
The kobold brigand barely misses you.
The necrophage hits you but does no damage.
You shoot an arrow.
The arrow barely misses the kobold brigand.
The kobold brigand misses you.
The necrophage hits you but does no damage.
A phantom comes into view.
The orc priest calls down the wrath of Beogh upon you.
Beogh smites you!
You die...

P~......K.###..##....
~~P.......#.#........
~~..).......#.>.....##
.~.>....)........##..
~~P[......##........#
~.........###...#.W..
P..#......###..##.##.
..##.......##g##n..#
.....<......#..#@#
.............o(K.#
P♣~~.....).....###
♣~P♣♣♣PP.#.....# ~~♣
♣~~♣♣#......# P≈
P~~♣~P~~........#
≈≈~~~~P~~~~~~.###..#
≈≈≈≈~PP~♣~~~~# ..#
≈≈≈≈≈~~~~~P~♣~ .#


You could see a kobold brigand, a necrophage, a phantom and an orc priest.

Vanquished Creatures
  A yak (D:5)
  A wyvern (D:5)
  A black bear (D:5)
  An ogre (D:5)
  3 centaurs (D:5)
  A phantom (D:5)
  A bullfrog (D:6)
  3 scorpions (D:5)
  A howler monkey (D:5)
  2 hounds
  A gnoll bouda (D:5)
  5 iguanas
  An orc wizard (D:6)
  9 adders
  10 gnolls
  An ufetubus (D:4)
  A worm (D:3)
  2 dart slugs
  4 orcs
  6 endoplasms
  4 giant cockroaches
  7 goblins
  6 hobgoblins
  5 jackals
  12 kobolds
  4 quokkas
  7 ball pythons
  6 bats
  3 frilled lizards
  6 rats
115 creatures vanquished.

Vanquished Creatures (others)
  2 plants (D:6)
2 creatures vanquished.

Grand Total: 117 creatures vanquished

Notes
Turn   | Place    | Note
-------+----------+-------------------------------------------
     0 | D:1      | HoaS the Demigod Hunter began the quest for the Orb.
     0 | D:1      | Reached XP level 1. HP: 17/17 MP: 3/3
   130 | D:1      | Reached skill level 4 in Ranged Weapons
   157 | D:1      | Reached XP level 2. HP: 24/24 MP: 4/4
   433 | D:1      | Reached XP level 3. HP: 29/29 MP: 5/5
   832 | D:2      | Reached skill level 5 in Ranged Weapons
  1581 | D:3      | Identified the +4 scale mail of Context {Fly}
  1685 | D:3      | Reached XP level 4. HP: 36/36 MP: 6/6
  1779 | D:3      | Found Mauddaebb's General Store.
  1788 | D:3      | Bought a potion of curing for 36 gold pieces
  1788 | D:3      | Bought a scroll of teleportation for 36 gold pieces
  2666 | D:4      | Reached skill level 6 in Ranged Weapons
  2666 | D:4      | Reached XP level 5. HP: 41/41 MP: 7/7
  3625 | D:5      | Entered Level 5 of the Dungeon
  3922 | D:5      | Reached skill level 7 in Ranged Weapons
  3922 | D:5      | Reached XP level 6. HP: 48/48 MP: 8/8
  4282 | D:5      | Reached skill level 8 in Ranged Weapons
  4282 | D:5      | Reached XP level 7. HP: 44/53 MP: 9/9
  4364 | D:5      | Reached skill level 9 in Ranged Weapons
  4364 | D:5      | Noticed a yak
  4390 | D:5      | Killed a yak
  4526 | D:5      | Reached XP level 8. HP: 34/60 MP: 10/10
  4649 | D:5      | Reached skill level 10 in Ranged Weapons
  4829 | D:5      | Found Xasairadd's Jewellery Emporium.
  5214 | D:6      | Killed from afar by an orc priest

Illustrated notes

Levels and vault maps discovered:
D:1:      eino_arrival_water_star, layout_basic,
          hellmonk_ecumenical_altar_pennies_from_heaven
D:2:      layout_loops_ring, basic_altar
D:3:      layout_basic, serial_shops, nicolae_shop_advertising_works
          [nicolae_subvault_shop_adworks]
D:4:      layout_layer_cave, chequers_arboretum
D:5:      layout_layer_cave, serial_shops, shop, nrook_campfire,
          minmay_manual_moon
D:6:      layout_cave_pools, gammafunk_temple_overflow_pools, serial_bayou,
          serial_bayou_lagoon_a, serial_bayou_lagoon_b, serial_bayou_pond_d,
          serial_bayou_pond_b, serial_bayou_lake_a, serial_bayou_ford_a,
          sigmund_army

Skill      XL: |  1  2  3  4  5  6  7  8 |
---------------+-------------------------+-----
Ranged Weapons | 4 5 6 7 8 9 10 | 10.6
Fighting       | |  1.7
Dodging        | |  1.7
Stealth        | |  0.8

Action                     |  1- 3 |  4- 6 |  7- 9 || total
---------------------------+-------+-------+-------++-------
   Fire: Shortbow          |   116 |   204 |   107 ||   427
    Use: Scroll            |     5 |     6 |       ||    11
         Potion            |       |       |     3 ||     3
 Armour: Leather armour    |    15 |    41 |    25 ||    81
  Dodge: Dodged            |    29 |   141 |    87 ||   257

Table legend: (Time is in decaauts)
 A = Elapsed time spent in this place.
 B = Non-inter-level travel time spent in this place.
 C = Inter-level travel time spent in this place.
 D = Time resting spent in this place.
 E = Time spent auto-exploring this place.
 F = Levels seen in this place.
 G = Mean time per level.
                   A        B        C        D        E       F      G
               +--------+--------+--------+--------+--------+-----+--------+
         Total |   5302 |   5121 |    181 |    890 |   3398 |   6 |  883.7 |
       Dungeon |   5302 |   5121 |    181 |    890 |   3398 |   6 |  883.7 |
               +--------+--------+--------+--------+--------+-----+--------+

Top non-repeatable levels by time:
     D:4: 1745 daAuts
     D:5: 1145 daAuts
     D:3: 884 daAuts
     D:2: 742 daAuts
     D:1: 695 daAuts
     D:6: 88 daAuts
